 Dungeon Crawl Stone Soup version 0.29.1-12-g30fa7ad0bf (webtiles) character file.

Game seed: 13572121962273027885

24 H0rd4k the Charlatan (level 3, 0/24 HPs)
             Began as an Octopode Artificer on Dec 13, 2022.
             Constricted to death by a ball python (1 damage)
             ... on level 1 of the Dungeon.
             The game lasted 00:00:34 (854 turns).

H0rd4k the Charlatan (Octopode Artificer)            Turns: 854, Time: 00:00:35

Health: 0/24       AC:  1    Str: 11    XL:     3   Next: 2%
Magic:  5/5        EV: 10    Int: 15    God:
Gold:   18         SH:  0    Dex: 12    Spells: 4/4 levels left

rFire   . . .      SeeInvis .   (no weapon)
rCold   . . .      Faith    .   (no shield)
rNeg    . . .      Spirit   .   (helmet restricted)
rPois   .          Reflect  .   (no amulet)
rElec   .          Harm     .   (no ring)
rCorr   .          Rampage  .   (no ring)
Will    .....                   (no ring)
Stlth   +++.......              (no ring)
HPRegen 0.08/turn               (no ring)
MPRegen 0.09/turn               (no ring)
                                (no ring)
                                (no ring)

@: constricted
A: almost no armour, amphibious, 8 rings, camouflage 1, gelatinous body 1,
(nimble swimmer 1), tentacles
a: no special abilities


You were on level 1 of the Dungeon.
You visited 1 branch of the dungeon, and saw 1 of its levels.

You collected 18 gold pieces.

Inventory:

Wands
 b - a wand of flame (12) (quivered)
 c - a wand of charming (13)
 d - a wand of iceblast (5)
Scrolls
 a - a scroll of identify {unknown}
 f - a scroll of fear {unknown}
 g - a scroll of teleportation {unknown}
Potions
 e - a potion of mutation {unknown}
 h - a potion of heal wounds {unknown}


   Skills:
 * Level 2.0 Fighting
 - Level 2.3 Dodging
 - Level 1.3 Stealth
 + Level 0.2 Unarmed Combat
 * Level 1.4 Spellcasting
 - Level 3.2 Evocations


You had 4 spell levels left.
You didn't know any spells.
Your spell library was empty.

Dungeon Overview and Level Annotations

Branches:
Dungeon (1/15)

Altars:


Innate Abilities, Weirdness & Mutations

You cannot wear most types of armour.
You are amphibious.
You can wear up to eight rings at the same time.
Your skin changes colour to match your surroundings (Stealth+).
Your rubbery body absorbs attacks. (AC +1, EV +1)
((You are camouflaged when in or above water. (Stealth+)))
You have tentacles for arms and can constrict up to eight enemies at once.


Message History

You kill the hobgoblin!
The hobgoblin completely misses you.
Your Fighting skill increases to level 2!
You tentacle-slap the hobgoblin but do no damage.
You grab the hobgoblin. You constrict the hobgoblin. The ball python bites you.
The ball python misses you. The hobgoblin closely misses you.
You tentacle-slap the hobgoblin.
The hobgoblin is heavily wounded.
You constrict the hobgoblin, but do no damage.
The ball python barely misses you. The ball python grabs you.
The ball python constricts you. The hobgoblin hits you.
You tentacle-slap the ball python. Your grab misses the ball python.
You tentacle-slap the ball python.
You squeeze the ball python, but do no damage.
The ball python is severely wounded.
You constrict the hobgoblin. The ball python bites you.
The ball python constricts you.
The ball python bites you but does no damage.
The ball python constricts you.
* * * LOW HITPOINT WARNING * * *
The hobgoblin hits you.
* * * LOW HITPOINT WARNING * * *
You escape the ball python's grasp.
You release your grip on the hobgoblin.
You tentacle-slap the hobgoblin. You grab the hobgoblin.
The hobgoblin is almost dead.
You constrict the hobgoblin.
You kill the hobgoblin!
You have reached level 3!
Your experience leads to an increase in your attributes!
Increase (S)trength, (I)ntelligence, or (D)exterity?
You feel clever. x2
Aiming: Charm
Press: ? - help, Shift-Dir - straight line, f - goblin
Aim: a goblin, wielding a +0 club (chance to affect: 73%)
The goblin is charmed.
The ball python bites you.
* * * LOW HITPOINT WARNING * * *
The ball python grabs you. The ball python constricts you.
* * * LOW HITPOINT WARNING * * *
The ball python barely misses you. The ball python constricts you.
You die...

######### ##
.......# ..
#.....##.###
#####..........
#.....g†..# ?#
#.S@..###.####.
#.....†###..........
#..###. #.#.#.#### #
#. ...#.# #######.#
#.# #.# . #.# .# #.#
.


You could see a ball python and a friendly goblin (charmed).

Vanquished Creatures
  A gnoll (D:1)
  2 ball pythons (D:1)
  A giant cockroach (D:1)
  4 hobgoblins (D:1)
  A kobold (D:1)
  A quokka (D:1)
  2 frilled lizards (D:1)
12 creatures vanquished.

Notes
Turn   | Place    | Note
-------+----------+-------------------------------------------
     0 | D:1      | H0rd4k the Octopode Artificer began the quest for the Orb.
     0 | D:1      | Reached XP level 1. HP: 13/13 MP: 1/1
   370 | D:1      | Reached skill level 1 in Spellcasting
   370 | D:1      | Reached XP level 2. HP: 8/19 MP: 3/3
   854 | D:1      | Reached XP level 3. HP: 4/24 MP: 5/5
   854 | D:1      | HP: 1/24 [constriction (1)]
   854 | D:1      | Constricted to death by a ball python

Illustrated notes

Levels and vault maps discovered:
D:1:      giann_bridges, layout_loops_ring, serial_rivers,
          chequers_serial_rivers_room_b, chequers_serial_rivers_micro_b,
          chequers_serial_rivers_room_b, chequers_serial_rivers_large_b,
          chequers_serial_rivers_micro_c, chequers_serial_rivers_large_a,
          bh_walls_and_bars

Skill      XL: |  1  2 |
---------------+-------+-----
Spellcasting   | 1 |  1.4
Fighting       | 2 |  2.0
Dodging        | |  2.3
Stealth        | |  1.3
Unarmed Combat | |  0.2
Evocations     | |  3.2

Action                   || total
-------------------------++-------
Melee: Unarmed           ||    26
       Constrict         ||    11
       Tentacles         ||     6
       Punch             ||     2
Evoke: Wand              ||     5
 Stab: Sleeping          ||     3
Armor: Skin              ||     2
Dodge: Dodged            ||    18
